 Dungeon Crawl Stone Soup version 0.31-a0-263-ge8cad7f256 (webtiles) character file.

Game seed: 11625857672763714118

9 qw the Shooter (level 2, -1/16 HPs)
             Began as a Gargoyle Hexslinger on July 13, 2023.
             Slain by a gnoll
             ... wielding a +0 club
              (3 damage)
             ... on level 1 of the Dungeon.
             The game lasted 00:00:06 (200 turns).

qw the Shooter (Gargoyle Hexslinger)                 Turns: 200, Time: 00:00:06

Health: -1/16      AC:  4    Str: 11    XL:     2   Next: 12%
Magic:  3/3        EV: 12    Int: 13    God:
Gold:   14         SH:  0    Dex: 12    Spells: 2/3 levels left

rFire   . . .        a - +1 sling
rCold   . . .        (no shield)
rNeg    + . .        c - +0 robe
rPois   inf          (no helmet)
rElec   +            (no cloak)
rCorr   .            (no gloves)
SInv    .            (no boots)
Will    .....        (no amulet)
Stlth   +            (no ring)
HPRegen 0.22/turn    (no ring)
MPRegen 0.08/turn

%: no passive effects
@: no status effects
A: sickness immunity, AC +2, negative energy resistance 1, electricity
resistance, torment resistance 1, petrification resistance
a: no special abilities


You were on level 1 of the Dungeon.
You visited 1 branch of the dungeon, and saw 1 of its levels.

You collected 14 gold pieces.


Innate Abilities, Weirdness & Mutations

You are immune to sickness and miasma.
Your stone body is resilient. (AC +2)
You are immune to poison.
You resist negative energy. (rN+)
You are resistant to electric shocks. (rElec)
You are resistant to unholy torment.
You are immune to petrification.


   Skills:
 - Level 1.1 Fighting
 + Level 2.8 Ranged Weapons
 - Level 1.5 Dodging
 - Level 1.0 Spellcasting
 - Level 2.6 Hexes


You had 2 spell levels left.
You knew the following spells:

 Your Spells              Type           Power      Damage    Failure   Level
a - Slow                  Hex            28%        N/A       10%         1

Your spell library contained the following spells:

 Spells                   Type           Power      Damage    Failure   Level
 Inner Flame              Hex/Fire       4%         N/A       43%         3
 Portal Projectile        Hex/Tloc       8%         N/A       43%         3
 Cause Fear               Hex            3%         N/A       67%         4

Inventory:

Hand Weapons
 a - a +1 sling (weapon)
Armour
 c - a +0 robe (worn)
 e - a +0 leather armour
Jewellery
 g - a +5 ring of evasion
Scrolls
 b - a scroll of poison
 d - 2 scrolls of identify {unknown}
Potions
 f - 2 potions of curing {unknown}

Dungeon Overview and Level Annotations

Branches:
Dungeon (1/15)

Altars:


Message History

The giant cockroach bites you. The ball python closely misses you.
The ball python misses you.
The giant cockroach bites you but does no damage.
You shoot a sling bullet.
The sling bullet barely misses the giant cockroach.
The ball python bites you but does no damage.
The ball python barely misses you. The giant cockroach bites you.
You shoot a sling bullet.
The sling bullet closely misses the giant cockroach.
The ball python bites you but does no damage.
The ball python barely misses you. The giant cockroach barely misses you.
The ball python closely misses you. The ball python barely misses you.
The giant cockroach closely misses you.
You shoot a sling bullet.
The sling bullet barely misses the giant cockroach.
The ball python misses you. The ball python grabs you.
The ball python constricts you. The goblin barely misses you.
The giant cockroach barely misses you.
You shoot a sling bullet. The sling bullet hits the ball python.
You kill the ball python!
The giant cockroach closely misses you. The goblin hits you but does no damage.
The giant cockroach bites you but does no damage.
You shoot a sling bullet.
The sling bullet closely misses the gnoll.
The gnoll hits you with a +0 club! The goblin hits you but does no damage.
The giant cockroach bites you but does no damage.
You shoot a sling bullet.
The sling bullet hits the gnoll but does no damage.
The gnoll hits you with a +0 club. The goblin closely misses you.
The giant cockroach barely misses you. The gnoll hits you with a +0 club.
The goblin hits you but does no damage.
You shoot a sling bullet.
The sling bullet closely misses the gnoll.
The giant cockroach barely misses you. x2
The gnoll hits you but does no damage. The goblin hits you but does no damage.
You shoot a sling bullet. The sling bullet hits the gnoll.
The gnoll is heavily wounded.
The giant cockroach bites you but does no damage.
The gnoll hits you with a +0 club.
You die...

#......... ##..
#......... #...
#......... .....
########......... .....
................. ......
#######..........
#.....# #.#........
......g#######.##.....##
......g@.......##.######
......B##########.######
|...... ........ .......
##.. #### ....### # #...
##.# .#####... ###.
.##...#..# #.. ###
##..#......# ########.#
#.# #....##+##..#


You could see a gnoll, a giant cockroach and a goblin.

Vanquished Creatures
  5 ball pythons (D:1)
  A frilled lizard (D:1)
  3 kobolds (D:1)
9 creatures vanquished.

Notes
Turn   | Place    | Note
-------+----------+-------------------------------------------
     0 | D:1      | qw the Gargoyle Hexslinger began the quest for the Orb.
     0 | D:1      | Reached XP level 1. HP: 12/12 MP: 2/2
     0 | D:1      | 0 ||| qw: Version: 0.3-a-52-g30416fa
     0 | D:1      | 0 ||| qw: Game counter: 7198
     0 | D:1      | 0 ||| qw: Melee chars always use a shield: true
     0 | D:1      | 0 ||| qw: God list: Okawaru
     0 | D:1      | 0 ||| qw: Allow faded altars: false
     0 | D:1      | 0 ||| qw: Do Orc after clearing Dungeon:15 true
     0 | D:1      | 0 ||| qw: Do second Lair branch before Depths: true
     0 | D:1      | 0 ||| qw: Lair rune preference: random
     0 | D:1      | 0 ||| qw: Goals: Normal
     0 | D:1      | 0 ||| PLANNING D:1-11
   152 | D:1      | Reached XP level 2. HP: 16/16 MP: 3/3
   198 | D:1      | HP: 1/16 [gnoll/+0 club (5)]
   200 | D:1      | Slain by a gnoll

Levels and vault maps discovered:
D:1:      dreamdust_arrival_sigmund_warning, layout_rooms,
          shapermc_ecumenical_altar_mp_vishouse

Action                     || total
---------------------------++-------
   Fire: Sling             ||    28
 Armour: Robe              ||    12
  Dodge: Dodged            ||    18

Table legend:
 A = Non-vault XP
 B = Vault XP
 C = Vault XP percentage of total XP
 D = Non-vault monster count
 E = Vault monster count
 F = Vault count percentage of total count
                 A         B        C        D         E       F
            +---------+---------+-------+---------+---------+-------
      Total |      13 |       0 |   0.0 |       9 |       0 |   0.0
            +---------+---------+-------+---------+---------+-------
        D:1 |      13 |       0 |   0.0 |       9 |       0 |   0.0
            +---------+---------+-------+---------+---------+-------
